 Dungeon Crawl Stone Soup version 0.30-a0-557-ge2afbf3030 (webtiles) character file.

Game seed: 14058765919260794056

127 bande the Covered (level 5, -4/33 HPs)
             Began as a Gargoyle Fighter on Dec 28, 2022.
             Killed from afar by Natasha (7 damage)
             ... with a magic dart
             ... on level 3 of the Dungeon.
             The game lasted 00:02:51 (1560 turns).

bande the Covered (Gargoyle Fighter)                Turns: 1560, Time: 00:02:51

Health: -4/33      AC: 11    Str: 20    XL:     5   Next: 11%
Magic:  5/5        EV:  9    Int:  8    God:
Gold:   170        SH:  4    Dex: 11    Spells: 4/4 levels left

rFire   . . .      SeeInvis .    a - +0 war axe
rCold   . . .      Faith    .    c - +0 buckler
rNeg    + . .      Spirit   .    b - +0 scale mail
rPois   ∞          Reflect  .    (no helmet)
rElec   +          Harm     .    (no cloak)
rCorr   .          Rampage  .    (no gloves)
Will    .....                    (no boots) Stlth
                                 (no amulet)
HPRegen 0.25/turn                (no ring)
MPRegen 0.09/turn                (no ring)

@: no status effects
A: sickness immunity, AC +4, negative energy resistance 1, electricity
resistance, torment resistance 1, petrification resistance
a: no special abilities


You were on level 3 of the Dungeon.
You visited 1 branch of the dungeon, and saw 3 of its levels.

You collected 170 gold pieces.

Inventory:

Hand Weapons
 a - a +0 war axe (weapon)
Armour
 b - a +0 scale mail (worn)
 c - a +0 buckler (worn)
Scrolls
 e - 2 scrolls of poison {unknown}
 f - a scroll of vulnerability {unknown}
 j - a scroll of torment {unknown}
 k - 2 scrolls of enchant weapon {unknown}
 l - a scroll of identify {unknown}
 n - 2 scrolls of fog {unknown}
Potions
 d - a potion of might
 g - a potion of heal wounds
 h - a potion of haste {unknown}
 i - a potion of berserk rage {unknown}
 m - a potion of flight {unknown}
 o - a potion of invisibility {unknown}
 p - a potion of brilliance {unknown}


   Skills:
 + Level 4.0 Fighting
 + Level 3.2 Axes
 + Level 4.1 Armour
 + Level 3.8 Shields


You had 4 spell levels left.
You didn't know any spells.
Your spell library contained the following spells:

 Spells                   Type           Power      Damage    Failure   Level
 Blink                    Tloc           0%         N/A       94%         2
 Momentum Strike          Conj/Tloc      0%         3d8       94%         2
 Lesser Beckoning         Tloc           0%         N/A       99%         3


Dungeon Overview and Level Annotations

Branches:
Dungeon (3/15)

Altars:

Annotations:
D:3 2 runed translucent doors, Natasha; arthad's ghost, amateur DjTm


Innate Abilities, Weirdness & Mutations

You are immune to sickness and miasma.
Your stone body is resilient. (AC +4)
You are immune to poison.
You resist negative energy. (rN+)
You are resistant to electric shocks. (rElec)
You are resistant to unholy torment.
You are immune to petrification.


Message History

You are too injured to fight recklessly!
You are too injured to fight recklessly!
You are too injured to fight recklessly!
You are too injured to fight recklessly!
You are too injured to fight recklessly!
You are too injured to fight recklessly!
Unknown command.
You hit Natasha.
Natasha is lightly wounded.
You hit the worm. Natasha claws you. The worm bites you.
Natasha claws you but does no damage.
You hit Natasha but do no damage.
Natasha is lightly wounded.
You hit the worm. You block Natasha's attack. You block the worm's attack.
Natasha claws you but does no damage. You block the worm's attack.
You barely miss Natasha.
Natasha is lightly wounded.
You slash the worm! Natasha claws you.
* * * LOW HITPOINT WARNING * * *
Natasha claws you.
* * * LOW HITPOINT WARNING * * *
The worm bites you.
* * * LOW HITPOINT WARNING * * *
You closely miss Natasha.
Natasha is lightly wounded.
You barely miss the worm. You block Natasha's attack.
Natasha closely misses you. The worm bites you.
* * * LOW HITPOINT WARNING * * *
You barely miss Natasha.
Natasha is lightly wounded.
You barely miss the worm. Natasha barely misses you. Natasha claws you.
* * * LOW HITPOINT WARNING * * *
The worm barely misses you. Natasha claws you but does no damage.
You hit Natasha.
Natasha is heavily wounded.
You hit the worm but do no damage.
You feel yourself speed up. Natasha casts a spell at you.
The magic dart hits you!
You die...

#.# #.## #.#### ####.##.... ##.
.. #.. #....##...## ... ## #.#
#.#..#...#.. .(####### ##<.
#.##.....#.# #..........#..)
#...#....#.##......>......#.
###.....##.#...........(....
######...#...................#.
#...........).@w.............#.
#####.#....#.##h.............##
#.##..##.# .............. #
#.##..##.# #............# #
..##..##.# #..).......# #
.##.?..... ########## # #.
##.###.. # .. #.# ..# # #.# #


You could see a worm and Natasha.

Vanquished Creatures
  Natasha (D:3)
  4 gnolls (D:2)
  An adder (D:2)
  A dart slug (D:2)
  2 orcs (D:3)
  6 bats
  4 endoplasms
  2 giant cockroaches
  3 goblins
  7 hobgoblins
  4 kobolds
  2 quokkas
  6 ball pythons
  6 frilled lizards
  4 rats
53 creatures vanquished.

Notes
Turn   | Place    | Note
-------+----------+-------------------------------------------
     0 | D:1      | bande the Gargoyle Fighter began the quest for the Orb.
     0 | D:1      | Reached XP level 1. HP: 14/14 MP: 1/1
   125 | D:1      | Found a faded altar of an unknown god.
   131 | D:1      | Reached XP level 2. HP: 19/19 MP: 2/2
   710 | D:2      | Reached XP level 3. HP: 23/23 MP: 3/3
   949 | D:2      | You fall into a shaft and drop 1 floor!
  1075 | D:2      | Reached XP level 4. HP: 24/29 MP: 4/4
  1274 | D:3      | Found a runed translucent door.
  1286 | D:3      | Noticed arthad's ghost (amateur DjTm)
  1336 | D:3      | Found a runed translucent door.
  1352 | D:3      | Noticed Natasha
  1361 | D:3      | Killed Natasha
  1362 | D:3      | Reached XP level 5. HP: 22/33 MP: 5/5
  1545 | D:3      | Noticed Natasha
  1560 | D:3      | Killed from afar by Natasha

Illustrated notes

Levels and vault maps discovered:
D:1:      matt_arrival_spirals, layout_rooms, dreamdust_ecumenical_altar_statues
D:2:      layout_rooms, grunt_ministairs_5, minmay_tromino_v7
D:3:      layout_rooms, ebering_ghost_sewer_f, uniq_natasha

Skill      XL: |  1  2  3  4 |
---------------+-------------+-----
Axes           | 2 3 |  3.2
Armour         | 4 |  4.1
Fighting       | 4 |  4.0
Shields        | |  3.8

Action                   |  1- 3 |  4- 6 || total
-------------------------+-------+-------++-------
Melee: War axe           |   118 |    51 ||   169
Armor: Scale mail        |    74 |    20 ||    94
Dodge: Dodged            |    71 |    26 ||    97
Block: Buckler           |    30 |    16 ||    46

Table legend: (Time is in decaauts)
 A = Elapsed time spent in this place.
 B = Non-inter-level travel time spent in this place.
 C = Inter-level travel time spent in this place.
 D = Time resting spent in this place.
 E = Time spent auto-exploring this place.
 F = Levels seen in this place.
 G = Mean time per level.
                   A        B        C        D        E       F      G
               +--------+--------+--------+--------+--------+-----+--------+
         Total |   1649 |   1599 |     50 |    278 |    887 |   3 |  549.7 |
       Dungeon |   1649 |   1599 |     50 |    278 |    887 |   3 |  549.7 |
               +--------+--------+--------+--------+--------+-----+--------+

Top non-repeatable levels by time:
     D:1: 695 daAuts
     D:2: 598 daAuts
     D:3: 355 daAuts
